 Dungeon Crawl Stone Soup version 0.21.1-1-g345015f (webtiles) character file.

45 Kagorn the Skirmisher (level 3, -1/29 HPs)
             Began as a Demonspawn Berserker on June 10, 2018.
             Was a Follower of Trog.
             Slain by Sigmund
             ... wielding a +0 scythe
              (11 damage)
             ... on level 2 of the Dungeon.
             The game lasted 00:05:21 (1142 turns).

Kagorn the Skirmisher (Demonspawn Berserker)        Turns: 1142, Time: 00:05:22

Health: -1/29      AC:  3    Str: 17    XL:     3   Next: 42%
Magic:  3/3        EV: 12    Int:  8    God:    Trog [*.....]
Gold:   69         SH:  0    Dex: 13    Spells: 2/2 levels left

rFire    . . .     SeeInvis .   f - +0 mace (crush)
rCold    . . .     Gourm    .   (no shield)
rNeg     . . .     Faith    .   b - +0 animal skin
rPois    .         Spirit   .   (helmet restricted)
rElec    .         Reflect  .   (no cloak)
rCorr    .         Harm     .   (no gloves)
MR       .....                  e - +0 pair of boots
Stlth    +.........             (no amulet)
HPRegen  0.09/turn              (no ring)
MPRegen  0.08/turn              (no ring)

@: confused
A: antennae 1, sturdy frame 1
a: Berserk, Burn Spellbooks, Renounce Religion


You were on level 2 of the Dungeon.
You worshipped Trog.
Trog was aware of your devotion.
You were not hungry.

You visited 1 branch of the dungeon, and saw 2 of its levels.

You collected 69 gold pieces.

Inventory:

Hand Weapons
 a - a +0 falchion
 f - a +0 mace of crushing (weapon)
Armour
 b - a +0 animal skin (worn)
 e - a +0 pair of boots (worn)
 i - a +0 pair of boots
Scrolls
 c - a scroll of teleportation {unknown}
 d - 2 scrolls of identify {unknown}
Potions
 g - a potion of berserk rage {unknown}
 h - a potion of agility {unknown}
 j - a potion of heal wounds {unknown}
 k - a potion of curing {unknown}


   Skills:
 + Level 3.4 Fighting
 - Level 2.8 Long Blades
 * Level 1.0 Maces & Flails
 + Level 2.1 Armour
 + Level 2.0 Dodging
 + Level 0.9 Stealth


You had 2 spell levels left.
You didn't know any spells.

Dungeon Overview and Level Annotations

Branches:
Dungeon (2/15)

Altars:

Annotations:
D:2 Sigmund


Innate Abilities, Weirdness & Mutations

You have a pair of small antennae on your head.
Your movements are slightly less encumbered by armour. (ER -2)


Message History

Sigmund points at you and mumbles some strange words.
You resist with significant effort. Sigmund gestures at you while chanting.
The magic dart hits you!
You hit Sigmund.
Sigmund is moderately wounded.
Sigmund barely misses you.
You hit Sigmund but do no damage.
Sigmund is moderately wounded.
Sigmund closely misses you.
You barely miss Sigmund.
Sigmund is moderately wounded.
Sigmund mumbles some strange words.
Sigmund flickers and vanishes!
Deactivating autopickup; reactivate with Ctrl-A.
You bump into the rock wall.
Something hits you!
A magic dart appears from out of thin air!
The magic dart hits you!
You bump into the rock wall.
Something hits you!
You die...

###### #########
.....# #.......#
####.# #.......#
####.####.......###
##..............@.#
...#.####.......#.#
####.# #.......#{#
.....# #.........#
.##### #########.#
.# #.# .# ########
#.# .# #......# #.#
.# #......# #.#


There were no monsters in sight!

Vanquished Creatures
  An adder (D:2)
  An ooze (D:1)
  A worm (D:2)
  2 leopard geckos
  A ball python (D:1)
  2 bats
  A giant cockroach (D:1)
  2 goblins
  A hobgoblin (D:1)
  9 kobolds
  A frilled lizard (D:1)
  5 rats (D:2)
  2 plants (D:2)
29 creatures vanquished.

Notes
Turn   | Place    | Note
-------+----------+-------------------------------------------
     0 | D:1      | Kagorn the Demonspawn Berserker began the quest for the Orb.
     0 | D:1      | Reached XP level 1. HP: 18/18 MP: 1/1
   326 | D:1      | Gained mutation: Your movements are slightly less encumbered by armour. (ER -2) [demonic ancestry]
   326 | D:1      | Reached XP level 2. HP: 14/24 MP: 2/2
   922 | D:2      | Gained mutation: You have a pair of small antennae on your head. [demonic ancestry]
   922 | D:2      | Reached XP level 3. HP: 20/29 MP: 3/3
  1011 | D:2      | Reached skill level 1 in Maces & Flails
  1125 | D:2      | Noticed Sigmund
  1142 | D:2      | Slain by Sigmund

Skill      XL: |  1  2  3 |
---------------+----------+-----
Armour         | 2 |  2.1
Dodging        | 2 |  2.0
Maces & Flails | 1 |  1.0
Fighting       | |  3.4
Long Blades    | |  2.8
Stealth        | |  0.9

Action                   || total
-------------------------++-------
Melee: Falchion          ||    17
       Mace              ||   100
 Stab: Sleeping          ||     2
  Eat: Ration            ||     1
Armor: Animal skin       ||    14
Dodge: Dodged            ||    39
       Rpst.: Falchion   ||     3
